 Dungeon Crawl Stone Soup version 0.21.1-1-g345015f (webtiles) character file.

442554 Daunt the Slayer (level 23, -2/178 HPs)
             Began as a Minotaur Fighter on Mar 30, 2018.
             Was the Champion of Okawaru.
             Splashed by an acid blob's acid (3 damage)
             ... on level 3 of the Pits of Slime.
             The game lasted 06:53:08 (48655 turns).

Daunt the Slayer (Minotaur Fighter)                Turns: 48655, Time: 06:53:12

Health: -2/178     AC: 30    Str: 22    XL:     23   Next: 5%
Magic:  43/43      EV: 26    Int:  8    God:    Okawaru [******]
Gold:   2041       SH: 19    Dex: 35    Spells: 18/22 levels left

rFire    + + +     SeeInvis +   a - staff of earth
rCold    . . .     Gourm    +   T - +1 shield {rC+}
rNeg     . . .     Faith    .   s - +10 plate armour of Satisfaction {rCorr}
rPois    +         Spirit   .   D - +2 hat {MR+}
rElec    +         Reflect  .   (no cloak)
rCorr    +         Harm     .   l - +2 pair of gloves "Fiehis" {rF+++ Str-2 SInv Stlth+}
MR       ++++.     Rnd*Tele +   b - +1 pair of boots of Good Intentions {rC- Dex+8}
Stlth    +.........             t - amulet "Vayt" {Gourm *Drain Str+2 Slay+5}
HPRegen  0.00/turn              q - ring "Buridd" {rElec MR++ MP+9 Int+3 Dex+4}
MPRegen  0.28/turn              Q - ring "Nualoag" {EV+3 Str+3 Int-2 Dex+5 SInv}

@: heroism, finesse, corroded
A: retaliatory headbutt, horns 2, blurry vision 2, clever 1, deformed body,
frail 2, poison resistance, inhibited regeneration, teleportitis 1, weak 2
}: 2/15 runes: serpentine, barnacled
a: Heroism, Finesse, Renounce Religion


You were on level 3 of the Pits of Slime.
You worshipped Okawaru.
Okawaru was exalted by your worship.
You were not hungry.

You visited 9 branches of the dungeon, and saw 43 of its levels.
You visited 1 bazaar.
You also visited: Sewer, Ice Cave and Wizlab.

You collected 3810 gold pieces.
You spent 1769 gold pieces at shops.

Inventory:

Missiles
 n - 6 throwing nets
 S - 130 tomahawks (quivered)
Armour
 b - the +1 pair of boots of Good Intentions (worn) {rC- Dex+8}
   (You found it on level 4 of the Shoals)

   It affects your dexterity (+8).
   It makes you vulnerable to cold.
 l - the +2 pair of gloves "Fiehis" (worn) {rF+++ Str-2 SInv Stlth+}
   (Okawaru gifted it to you on level 2 of the Elven Halls)

   It affects your strength (-2).
   It renders you almost immune to fire.
   It lets you see invisible.
   It makes you more stealthy.
 s - the +10 plate armour of Satisfaction (worn) {rCorr}
   (You bought it in a shop on level 2 of the Orcish Mines)

   It protects you from acid and corrosion.
 D - a +2 hat of magic resistance (worn)
 T - a +1 shield of cold resistance (worn)
Magical Staves
 a - an uncursed staff of earth (weapon)
Jewellery
 q - the ring "Buridd" (left hand) {rElec MR++ MP+9 Int+3 Dex+4}
   (You acquired it on level 2 of the Vaults)

   [ring of magical power]

   It affects your intelligence (+3).
   It affects your dexterity (+4).
   It insulates you from electricity.
   It affects your resistance to hostile enchantments.
   It affects your magic capacity (+9).
 t - the amulet "Vayt" (around neck) {Gourm *Drain Str+2 Slay+5}
   (You found it on level 1 of the Elven Halls)

   [amulet of the gourmand]

   It allows you to eat raw meat even when not hungry.
   It affects your strength (+2).
   It affects your accuracy and damage with ranged weapons and melee attacks
   (+5).
   It causes draining when unequipped.
 Q - the ring "Nualoag" (right hand) {EV+3 Str+3 Int-2 Dex+5 SInv}
   (You took it off a deep elf death mage on level 3 of the Elven Halls)

   [ring of evasion]

   It affects your evasion (+3).
   It affects your strength (+3).
   It affects your intelligence (-2).
   It affects your dexterity (+5).
   It lets you see invisible.
Wands
 e - a wand of paralysis (19)
 g - a wand of disintegration (36)
 J - a wand of flame (46)
 K - a wand of iceblast (5)
Scrolls
 h - 10 scrolls of teleportation
 i - 7 scrolls of identify
 B - 2 scrolls of silence
 C - a scroll of summoning
 F - a scroll of magic mapping
 L - 3 scrolls of blinking
 O - 15 scrolls of remove curse
 Y - 3 scrolls of fear
Potions
 d - 3 potions of might
 j - 4 potions of haste
 k - 4 potions of resistance
 o - 3 potions of heal wounds
 p - 3 potions of berserk rage
 r - 11 potions of flight
 u - 3 potions of agility
 v - 8 potions of curing
 z - 4 potions of cancellation
 H - a potion of brilliance
 M - a potion of ambrosia
 P - 2 potions of invisibility
Miscellaneous
 c - a sack of spiders
 E - a phial of floods
 G - a box of beasts
 I - a lamp of fire
Comestibles
 f - 57 rations


   Skills:
 + Level 22.1(27) Fighting
   Level 6.1(15.8) Maces & Flails
 - Level 13.6(19.1) Staves
 - Level 5.0(10.0) Throwing
 - Level 18.0(23.0) Armour
 - Level 11.0(16.0) Dodging
 - Level 14.0(19.0) Shields
 - Level 15.1 Earth Magic
 - Level 8.0 Invocations
 - Level 17.2 Evocations


You had 18 spell levels left.
You knew the following spells:

 Your Spells              Type           Power        Failure   Level  Hunger
a - Petrify               Tmut/Erth      ###.....     69%         4    #####..


Dungeon Overview and Level Annotations

Branches:
Dungeon (14/15)            Temple (1/1) D:5            Lair (6/6) D:9
 Shoals (4/4) Lair:4        Snake (4/4) Lair:4        Slime (5/5) Lair:6
    Orc (2/2) D:9             Elf (3/3) Orc:2        Vaults (4/5) D:14
  Crypt (0/3) Vaults:3

Altars:
Ashenzari
Cheibriados
Dithmenos
Fedhas
Gozag
Hepliaklqana
Kikubaaqudgha
Makhleb
Nemelex Xobeh
Okawaru
Qazlal
Trog
Uskayaw
Vehumet
Wu Jian
Jiyva

Shops:
Orc:2 (*[:   Elf:2 *

Portals:
Trove: D:12 (give 16 potions of curing)

Annotations:
D:12 1 transporter
Lair:5 exclusion: 3 oklob plants
Snake:1 exclusion: Roxanne, Roxanne


Innate Abilities, Weirdness & Mutations

You reflexively headbutt those who attack you in melee.
You have a pair of horns on your head.
Scrolls take you longer to read.
Your mind is acute. (Int +2)
Armour fits poorly on your strangely shaped body.
You are very frail. (-20% HP)
Your system is resistant to poisons. (rPois)
You do not regenerate when monsters are visible.
You are occasionally teleported next to monsters.
You are very weak. (Str -4)


Message History

You hit the acid blob. You crush the acid blob!
Your hands burn!
* * * LOW HITPOINT WARNING * * *
The acid blob is lightly wounded.
The acid blob spits acid at you. The splash of acid misses you.
You hit the acid blob. You crush the acid blob!
Your hands burn!
* * * LOW HITPOINT WARNING * * *
The acid blob is moderately wounded.
You block the slime creature's attack.
You hit the acid blob. You crush the acid blob! The acid corrodes you!
Your hands burn!
* * * LOW HITPOINT WARNING * * *
The acid blob is moderately wounded.
Your plate armour of Satisfaction prevents you from hitting the acid blob.
You headbutt the acid blob, but do no damage.
The acid blob is moderately wounded.
The acid blob hits you!!
* * * LOW HITPOINT WARNING * * *
You are splashed with acid!
The acid burns!
You resist.
You die...

##.## ##### ##
#...####.#.#### #
#...#......#.##
##.............#
#.......#...#.#...
##...........#.##.
#..................
#.J.........##.##.##
#..@........#.## #.
#..J...........# #..
#...........#.## ##.
##.......#.#### ##
###########


You could see an acid blob and a slime creature.

Vanquished Creatures
  Vashnia (Snake:4)
  A lich (Vaults:1)
  A tentacled monstrosity (Vaults:3)
  Rupert (Snake:1)
  A deep elf master archer (Elf:3)
  4 deep elf blademasters
  8 acid blobs
  Asterion (Snake:1)
  The ghost of mole0619 the Peltast, an adept GrFi of the Shining One (Snake:4)
  A sphinx (Vaults:2)
  Gastronok (D:8)
  A tengu reaver (Vaults:1)
  A kraken (Shoals:4)
  3 azure jellies
  5 nagarajas (Snake:4)
  Ilsuiw (Shoals:4)
  2 fire giants
  2 vault wardens (Vaults:3)
  3 deep elf sorcerers (Elf:3)
  Aizul (Shoals:2)
  An orc warlord (Orc:2)
  3 deep elf elementalists (Elf:3)
  4 very ugly things
  A stone giant (Vaults:3)
  An entropy weaver (Vaults:2)
  9 ironheart preservers
  4 deep elf demonologists
  Nessos (D:12)
  A vampire knight (Vaults:3)
  13 deep elf annihilators
  Azrael (Elf:2)
  An orange crystal statue (WizLab)
  7 merfolk javelineers (Shoals:4)
  An ettin (Vaults:2)
  A crystal guardian (Vaults:4)
  9 deep elf death magi
  Josephine (D:12)
  7 merfolk impalers
  3 fire dragons
  2 death oozes
  9 yaktaur captains
  3 deep elf high priests (Elf:3)
  6 great orbs of eyes
  4 rakshasas
  Harold (D:12)
  15 naga warriors
  4 ice dragons
  10 centaur warriors
  4 hydras
  2 catoblepae
  An anaconda (shapeshifter) (Vaults:1)
  15 anacondas
  The ghost of anomandaris the Cleaver, a novice MiMo of Makhleb (D:10)
  2 alligator snapping turtles (Shoals:4)
  A satyr (Shoals:3)
  3 death knights
  4 merfolk aquamancers
  30 dancing weapons
  6 ogre magi
  21 two-headed ogres
  3 orc high priests
  19 naga sharpshooters
  8 shock serpents
  Sonja (D:14)
  25 deep elf knights
  22 sea snakes
  2 unseen horrors
  5 deep trolls (Vaults:2)
  4 salamander mystics
  4 flayed ghosts
  7 skeletal warriors
  6 naga ritualists
  2 glowing orange brains
  A swamp dragon (shapeshifter) (Vaults:3)
  4 wizards (Vaults:1)
  23 deep elf archers
  A lindwurm (Lair:6)
  14 ironbrand convokers
  A wolf spider zombie (D:14)
  Pikel (D:7)
  9 harpies
  2 phantasmal warriors
  12 orc knights
  11 mana vipers
  6 shining eyes
  13 manticores
  4 orc sorcerers
  2 wolf spiders
  4 fauns
  7 cyclopes
  4 oklob plants (Lair:1)
  5 ugly things
  9 salamanders
  Maurice (D:8)
  83 deep elf magi
  7 elephants
  A water nymph (shapeshifter) (Vaults:3)
  4 centaur zombies
  8 vault sentinels
  18 naga magi
  7 water nymphs
  5 ice statues (IceCv)
  2 molten gargoyles (Lair:6)
  9 spiny frogs
  42 black mambas
  A torpor snail (Lair:4)
  Joseph (D:8)
  6 guardian serpents (Snake:4)
  2 gargoyles
  A kobold demonologist (D:9)
  2 rime drakes (shapeshifter)
  5 komodo dragons
  4 rime drakes
  22 yaktaurs
  5 freezing wraiths
  An efreet (D:14)
  2 tengu conjurers (Vaults:1)
  A golden dragon simulacrum (IceCv)
  A troll (shapeshifter) (Vaults:2)
  A wind drake (Shoals:4)
  A queen bee (shapeshifter) (D:14)
  A guardian mummy (D:12)
  13 trolls
  A jumping spider (shapeshifter) (Vaults:1)
  A polar bear (Lair:3)
  A polar bear (shapeshifter) (D:14)
  A hornet (shapeshifter) (Vaults:2)
  A jumping spider (Vaults:2)
  5 hornets
  36 merfolk
  12 hippogriffs
  9 blink frogs
  74 slime creatures
  11 snapping turtles
  A dream sheep (shapeshifter) (D:14)
  5 dream sheep
  2 redbacks (Vaults:2)
  Sigmund (D:6)
  2 air elementals
  2 vampires
  10 water elementals
  7 wraiths
  6 wyverns (Lair:6)
  57 yaks
  5 fire elementals
  2 steam dragons (Lair:6)
  Grum (D:8)
  4 hogs (D:8)
  4 hungry ghosts
  5 golden eyes (Slime:1)
  6 basilisks
  A human (D:8)
  2 iron troll simulacra (IceCv)
  5 wargs
  Edmund (D:6)
  4 harpy simulacra (IceCv)
  74 nagas
  2 hydra simulacra (IceCv)
  An acid dragon (Vaults:2)
  7 water moccasins
  4 hell hounds
  4 porcupines
  Duvessa (D:7)
  The ghost of Noreply the Digger, an amateur GrEE of Hepliaklqana (D:5)
  41 orc warriors
  2 sky beasts
  2 black bears
  A slave (D:7)
  6 eyes of draining
  7 ice beasts
  An ettin simulacrum (Vaults:3)
  5 boggarts (Vaults:3)
  4 phantoms
  A necrophage (D:10)
  2 wolves (D:8)
  36 ogres
  11 crocodiles
  15 centaurs
  16 big kobolds
  14 bullfrogs
  A gnoll sergeant (D:6)
  Dowan (D:7)
  2 earth elementals (Elf:1)
  7 scorpions
  52 killer bees
  4 howler monkeys
  14 wights
  3 electric eels (Lair:1)
  6 crimson imps
  2 bullfrog zombies
  5 lava snakes (Lair:6)
  3 jellies
  5 hounds
  14 orc priests
  A bullfrog skeleton (D:12)
  19 orc wizards
  2 iguanas
  8 worker ants
  8 merfolk avatars
  15 merfolk sirens
  2 hound zombies
  3 worker ant zombies
  A howler monkey zombie (D:7)
  6 gnolls
  17 adders
  4 river rats
  5 shadow imps
  2 oozes (D:5)
  2 adder skeletons
  2 adder zombies
  6 worms
  7 leopard geckos
  85 orcs
  8 bats
  10 giant cockroaches
  4 goblins
  3 hobgoblins
  18 jackals
  45 kobolds
  7 quokkas
  8 ball pythons
  6 frilled lizards
  A jackal zombie (D:7)
  A leopard gecko zombie (D:5)
  A quokka skeleton (D:7)
  32 rats
  A bush (Shoals:3)
  A fungus (Lair:6)
  3 plants (Lair:1)
1757 creatures vanquished.

Vanquished Creatures (others)
  A deep elf master archer (Elf:3)
  An ogre mage (Vaults:3)
  A fire dragon (Shoals:3)
  A naga sharpshooter (Snake:4)
  2 deep elf knights
  2 deep elf archers (Elf:1)
  A wizard (Vaults:3)
  A deep elf mage (Elf:1)
  A naga (Snake:4)
  A slave (D:8)
  An orc wizard (Vaults:1)
  An orc (Vaults:1)
  9 fungi
  7 plants
  12 tentacles
42 creatures vanquished.

Grand Total: 1799 creatures vanquished

Notes
Turn   | Place    | Note
-------+----------+-------------------------------------------
     0 | D:1      | Daunt the Minotaur Fighter began the quest for the Orb.
     0 | D:1      | Reached XP level 1. HP: 19/19 MP: 0/0
   170 | D:1      | Reached XP level 2. HP: 21/26 MP: 1/1
   911 | D:2      | Reached XP level 3. HP: 31/31 MP: 2/2
  1216 | D:2      | Reached skill level 5 in Maces & Flails
  1640 | D:3      | Reached XP level 4. HP: 34/39 MP: 3/3
  1834 | D:3      | Reached XP level 5. HP: 46/46 MP: 4/4
  2033 | D:3      | Reached skill level 1 in Dodging
  2038 | D:3      | Reached skill level 4 in Fighting
  2090 | D:3      | Found a glowing drain.
  2101 | Sewer    | Entered a sewer
  2486 | Sewer    | Reached XP level 6. HP: 51/53 MP: 5/5
  2914 | D:3      | Gained mutation: Your system is resistant to poisons. (rPois) [potion of mutation]
  2914 | D:3      | Gained mutation: Your mind is acute. (Int +2) [potion of mutation]
  3088 | D:4      | Reached skill level 5 in Fighting
  3088 | D:4      | Reached skill level 5 in Armour
  3343 | D:4      | Reached XP level 7. HP: 56/61 MP: 6/6
  3685 | D:5      | Entered Level 5 of the Dungeon
  3773 | D:5      | Found a staircase to the Ecumenical Temple.
  3780 | Temple   | Entered the Ecumenical Temple
  3814 | Temple   | Became a worshipper of Warmaster Okawaru
  3858 | D:5      | Noticed Noreply's ghost (amateur GrEE)
  3877 | D:5      | Killed Noreply's ghost
  3877 | D:5      | Reached skill level 6 in Fighting
  3917 | D:5      | Found an opulent altar of Gozag.
  4017 | D:5      | Reached * piety under Okawaru
  4021 | D:5      | Reached XP level 8. HP: 24/71 MP: 7/7
  4623 | D:6      | Reached skill level 5 in Dodging
  4739 | D:6      | Reached skill level 7 in Fighting
  5288 | D:6      | Noticed Edmund
  5309 | D:6      | Killed Edmund
  5338 | D:6      | Noticed Sigmund
  5346 | D:6      | Killed Sigmund
  5427 | D:6      | Reached skill level 8 in Fighting
  5428 | D:6      | Reached ** piety under Okawaru
  5560 | D:7      | Found an opulent altar of Gozag.
  5566 | D:7      | Reached XP level 9. HP: 68/81 MP: 8/8
  5694 | D:7      | Noticed Dowan
  5696 | D:7      | Noticed Duvessa
  5702 | D:7      | Killed Duvessa
  5707 | D:7      | Killed Dowan
  5726 | D:7      | Noticed a troll
  5731 | D:7      | Killed a troll
  5731 | D:7      | Reached skill level 9 in Fighting
  5825 | D:7      | Noticed Pikel
  5853 | D:7      | Killed Pikel
  5853 | D:7      | Reached *** piety under Okawaru
  6236 | D:8      | Noticed Gastronok
  6267 | D:8      | Killed Gastronok
  6267 | D:8      | Reached **** piety under Okawaru
  6267 | D:8      | Reached skill level 10 in Fighting
  6267 | D:8      | Reached skill level 10 in Armour
  6267 | D:8      | Reached XP level 10. HP: 94/94 MP: 9/9
  6347 | D:8      | Reached ***** piety under Okawaru
  6398 | D:8      | Reached skill level 11 in Fighting
  6795 | D:8      | Reached skill level 10 in Dodging
  6858 | D:8      | Received a gift from Okawaru
  6860 | D:8      | Noticed Grum
  6867 | D:8      | Killed Grum
  6867 | D:8      | Reached XP level 11. HP: 92/104 MP: 10/10
  7005 | D:8      | Got a bloodstained whip
  7006 | D:8      | Identified the +1 whip "Poong" {holy, +Rage Str+2 Dex+3} (You found it on level 8 of the Dungeon)
  7266 | D:8      | Noticed Joseph
  7282 | D:8      | Killed Joseph
  7347 | D:8      | Noticed Maurice
  7376 | D:8      | Killed Maurice
  7376 | D:8      | Reached skill level 12 in Fighting
  7376 | D:8      | Reached skill level 1 in Staves
  7693 | D:9      | Found a staircase to the Orcish Mines.
  7716 | D:9      | Found a staircase to the Lair.
  7853 | D:9      | You fall through a shaft for 3 floors!
  7902 | D:12     | Reached skill level 5 in Staves
  8338 | D:12     | Noticed Nessos
  8346 | D:12     | Found a transporter.
  8347 | D:12     | Noticed a two-headed ogre
  8503 | D:10     | Entered Level 10 of the Dungeon
  8580 | D:10     | Noticed anomandaris's ghost (novice MiMo)
  8627 | D:10     | Killed anomandaris's ghost
  8805 | D:10     | Received a gift from Okawaru
  9185 | D:11     | Found a hide-covered altar of Uskayaw.
  9223 | D:11     | Reached skill level 10 in Staves
  9229 | D:11     | Noticed a cyan ugly thing
  9239 | D:11     | Killed a cyan ugly thing
  9292 | D:11     | Noticed a two-headed ogre
  9296 | D:11     | Killed a two-headed ogre
  9296 | D:11     | Reached XP level 12. HP: 96/112 MP: 11/11
  9585 | D:11     | Received a gift from Okawaru
  9933 | D:12     | Killed a two-headed ogre
  9951 | D:12     | Noticed an orc high priest
 10042 | D:12     | Noticed Josephine
 10494 | D:12     | Noticed a two-headed ogre
 10517 | D:12     | Killed a two-headed ogre
 10621 | D:9      | Reached ****** piety under Okawaru
 10824 | D:9      | Found a blossoming altar of Fedhas.
 11231 | Lair:1   | Entered Level 1 of the Lair of Beasts
 11473 | Lair:1   | Received a gift from Okawaru
 11478 | Lair:1   | Got a shimmering quarterstaff {god gift}
 11485 | Lair:1   | Identified the +1 quarterstaff of Youthful Indiscretion {flame, *Noise rC+++ MR++} (Okawaru gifted it to you on level 1 of the Lair of Beasts)
 11602 | Lair:1   | Noticed a catoblepas
 11620 | Lair:1   | Killed a catoblepas
 12193 | Lair:2   | Reached skill level 13 in Fighting
 12193 | Lair:2   | Reached XP level 13. HP: 119/122 MP: 12/12
 12456 | Lair:2   | Found a shadowy altar of Dithmenos.
 13485 | Lair:3   | Received a gift from Okawaru
 13756 | Lair:4   | Reached skill level 14 in Fighting
 13887 | Lair:4   | Received a gift from Okawaru
 14045 | Lair:4   | Found a staircase to the Snake Pit.
 14077 | Lair:4   | Reached skill level 15 in Fighting
 14087 | Lair:4   | Reached skill level 15 in Armour
 14155 | Lair:4   | Found a staircase to the Shoals.
 14403 | Lair:5   | Received a gift from Okawaru
 14404 | Lair:5   | Got an encrusted cloak {god gift}
 14415 | Lair:5   | Identified the +0 cloak of Rauhaper {rPois rC+ MP+9 Int-4} (Okawaru gifted it to you on level 5 of the Lair of Beasts)
 14651 | Lair:5   | Reached XP level 14. HP: 89/135 MP: 13/13
 15239 | Lair:6   | Entered Level 6 of the Lair of Beasts
 15377 | Lair:6   | Found a large runed door.
 15377 | Lair:6   | Found a large runed door.
 15804 | Lair:6   | Reached skill level 16 in Fighting
 15946 | Lair:6   | Found a viscous altar of Jiyva.
 15947 | Lair:6   | Found a staircase to the Slime Pits.
 17240 | Lair:1   | Identified the Volume of Displaced Ice
 17472 | Snake:1  | Entered Level 1 of the Snake Pit
 17802 | Snake:1  | Received a gift from Okawaru
 18139 | Snake:1  | Got a transparent quarterstaff {god gift}
 18145 | Snake:1  | Identified the +2 quarterstaff of Famine {elec, Stlth+} (Okawaru gifted it to you on level 1 of the Snake Pit)
 18354 | Snake:1  | Noticed Rupert
 18355 | Snake:1  | Reached skill level 17 in Fighting
 18375 | Snake:1  | Killed Rupert
 18399 | Snake:1  | Received a gift from Okawaru
 18932 | Snake:1  | Noticed Asterion
 18941 | Snake:1  | Noticed a cacodemon
 19044 | Orc:1    | Entered Level 1 of the Orcish Mines
 19150 | Orc:2    | Entered Level 2 of the Orcish Mines
 19216 | Orc:1    | Reached XP level 15. HP: 131/147 MP: 14/14
 19343 | Orc:2    | Found Xakhlomn's General Store.
 19352 | Orc:2    | Bought the +10 plate armour of Satisfaction {rCorr} for 1027 gold pieces
 19429 | Orc:2    | Found Gith's Antique Weapon Boutique.
 19456 | Orc:2    | Found a staircase to the Elven Halls.
 19589 | Orc:2    | Found Huadas's Antique Armour Emporium.
 19675 | Orc:2    | Reached skill level 1 in Throwing
 19679 | Orc:2    | Noticed an orc warlord
 19697 | Orc:2    | Killed an orc warlord
 20466 | Orc:2    | Found Keacyzoag's Book Boutique.
 20653 | D:12     | Killed Josephine
 20657 | D:12     | Killed Nessos
 20657 | D:12     | Received a gift from Okawaru
 20776 | D:12     | Found a portal to a secret trove of treasure.
 20787 | D:12     | Reached skill level 18 in Fighting
 20954 | D:12     | Found a transporter.
 20967 | D:12     | Noticed Harold
 20978 | D:12     | Killed Harold
 21074 | D:13     | Got a silken robe
 21304 | Lair:1   | Learned a level 4 spell: Petrify
 21429 | D:13     | Identified 3 scrolls of acquirement
 21585 | D:13     | Reached skill level 1 in Earth Magic
 22964 | D:14     | Reached skill level 5 in Throwing
 23020 | D:14     | Noticed Sonja
 23022 | D:14     | Killed Sonja
 23414 | D:14     | Found a gate to the Vaults.
 24269 | Snake:1  | Killed Asterion
 24269 | Snake:1  | Reached skill level 5 in Earth Magic
 24797 | Snake:1  | Noticed Roxanne
 25022 | Snake:2  | Received a gift from Okawaru
 25190 | Snake:2  | Reached XP level 16. HP: 145/157 MP: 15/15
 25594 | Snake:2  | Received a gift from Okawaru
 26107 | Snake:3  | Received a gift from Okawaru
 26464 | Snake:3  | Reached skill level 1 in Evocations
 26475 | Snake:3  | Reached skill level 10 in Earth Magic
 26728 | Snake:4  | Entered Level 4 of the Snake Pit
 26945 | Snake:4  | Noticed Vashnia
 27235 | Snake:4  | Killed Vashnia
 27235 | Snake:4  | Reached skill level 5 in Evocations
 27240 | Snake:4  | Received a gift from Okawaru
 27281 | Snake:4  | Noticed mole0619's ghost (adept GrFi)
 27297 | Snake:4  | Killed mole0619's ghost
 27347 | Snake:4  | Found a flickering gateway to a bazaar.
 27358 | Bazaar   | Entered a bazaar
 27371 | Bazaar   | Found Nuef's Antique Armour Shoppe.
 27371 | Bazaar   | Found Tahuj's Antique Armour Shoppe.
 27417 | Bazaar   | Found Okogoett's Jewellery Emporium.
 27417 | Bazaar   | Found Leuzuwoi's Jewellery Emporium.
 27449 | Bazaar   | Bought the ring of Nar Lop {rF++ rC+} for 742 gold pieces
 27701 | Snake:4  | Reached XP level 17. HP: 160/163 MP: 18/22
 28122 | Snake:4  | Received a gift from Okawaru
 28202 | Snake:4  | Got a pair of ancient boots {god gift}
 28213 | Snake:4  | Identified the +2 pair of boots of Cloud Cover {Str+3} (Okawaru gifted it to you on level 4 of the Snake Pit)
 28279 | Snake:4  | Reached skill level 10 in Evocations
 28886 | Snake:4  | Got a serpentine rune of Zot
 29254 | Shoals:1 | Entered Level 1 of the Shoals
 29345 | Shoals:1 | Found a frozen archway.
 29370 | IceCv    | Entered an ice cave
 30531 | Shoals:2 | Noticed Aizul
 30550 | Shoals:2 | Killed Aizul
 30566 | Shoals:2 | Received a gift from Okawaru
 31180 | Shoals:2 | Noticed a kraken
 31404 | Shoals:3 | Reached XP level 18. HP: 172/172 MP: 25/25
 31423 | Shoals:3 | Received a gift from Okawaru
 31431 | Shoals:3 | Got a brightly glowing quarterstaff {god gift}
 32387 | Shoals:4 | Entered Level 4 of the Shoals
 32496 | Shoals:4 | HP: 8/172 [merfolk impaler/trident of piercing (5)]
 32962 | Shoals:4 | Reached skill level 1 in Invocations
 33189 | Shoals:4 | Received a gift from Okawaru
 33199 | Shoals:4 | Got a crystal quarterstaff {god gift}
 33462 | Shoals:4 | Got a pair of distressingly furry boots
 33588 | Shoals:4 | Got a barnacled rune of Zot
 33680 | Shoals:4 | Noticed Ilsuiw
 33692 | Shoals:4 | Reached skill level 5 in Invocations
 33710 | Shoals:4 | Killed Ilsuiw
 33713 | Shoals:4 | Received a gift from Okawaru
 33883 | Shoals:4 | Identified the +1 pair of boots of Good Intentions {rC- Dex+8} (You found it on level 4 of the Shoals)
 34838 | Vaults:1 | Entered Level 1 of the Vaults
 35293 | Vaults:1 | Received a gift from Okawaru
 35440 | Vaults:1 | Received a gift from Okawaru
 35444 | Vaults:1 | Reached XP level 19. HP: 179/179 MP: 28/28
 35491 | Vaults:1 | Noticed a lich
 35512 | Vaults:1 | Killed a lich
 35512 | Vaults:1 | Received a gift from Okawaru
 36016 | Vaults:1 | Found a radiant altar of Vehumet.
 37533 | Vaults:2 | Reached skill level 15 in Evocations
 37859 | Vaults:2 | Received a gift from Okawaru
 37887 | Vaults:2 | Got a crude tin ring
 37889 | Vaults:2 | Identified the ring "Buridd" {rElec MR++ MP+9 Int+3 Dex+4} (You acquired it on level 2 of the Vaults)
 39155 | Vaults:3 | Reached XP level 20. HP: 187/187 MP: 30/30
 39290 | Vaults:3 | Identified Witchcraft, Part One
 39767 | Vaults:3 | Found a staircase to the Crypt.
 39950 | Vaults:4 | Got a translucent amber ring
 40069 | Vaults:4 | Received a gift from Okawaru
 40151 | Vaults:4 | Identified the ring "Qumaty" {rCorr rElec Int+2 Dex-2} (You took it off a vault sentinel on level 4 of the Vaults)
 40636 | Elf:1    | Entered Level 1 of the Elven Halls
 40824 | Elf:1    | Received a gift from Okawaru
 40979 | Lair:1   | Identified the +10 quarterstaff "Beetle's Bane" {flame, +Inv Int-3 Stlth+} (Okawaru gifted it to you on level 3 of the Shoals)
 41069 | Lair:1   | Identified the +9 quarterstaff "Vaetex" {vamp, rC- Int+5} (Okawaru gifted it to you on level 4 of the Shoals)
 41622 | Lair:6   | Got a pitted buckler
 41633 | Lair:6   | Identified the cursed +0 buckler "Miont" {rC+} (You found it on level 6 of the Lair of Beasts)
 41991 | Elf:1    | Reached skill level 5 in Shields
 42428 | Elf:1    | Got a wavering sapphire amulet
 42429 | Elf:1    | Identified the amulet "Vayt" {Gourm *Drain Str+2 Slay+5} (You found it on level 1 of the Elven Halls)
 43346 | Elf:2    | Received a gift from Okawaru
 43347 | Elf:2    | Got a pair of faintly humming gloves {god gift}
 43369 | Elf:2    | Identified the +2 pair of gloves "Fiehis" {rF+++ Str-2 SInv Stlth+} (Okawaru gifted it to you on level 2 of the Elven Halls)
 43426 | Elf:2    | Found Sukischa's General Store.
 43515 | Elf:2    | Found a runed gate.
 43515 | Elf:2    | Found a runed gate.
 43515 | Elf:2    | Found a runed gate.
 43633 | Elf:2    | Reached XP level 21. HP: 190/194 MP: 32/32
 43754 | Elf:2    | Reached skill level 15 in Earth Magic
 44041 | Elf:2    | Noticed Azrael
 44076 | Elf:2    | Killed Azrael
 44545 | Elf:3    | Entered Level 3 of the Elven Halls
 44674 | Elf:3    | Found a magical portal.
 44683 | WizLab   | Entered Wucad Mu's Monastery
 44840 | WizLab   | Found the +9 staff of Wucad Mu {channel}
 44892 | WizLab   | Reached XP level 22. HP: 130/202 MP: 33/33
 45849 | Elf:3    | Reached skill level 19 in Fighting
 46000 | Elf:3    | Got a shimmering pewter amulet
 46001 | Elf:3    | Identified the amulet of Yesterday {Gourm Dex+4 SInv} (You took it off a deep elf annihilator on level 3 of the Elven Halls)
 46048 | Elf:3    | Found the +8 storm bow {elec}
 46078 | Elf:3    | Got a wavering tin ring
 46079 | Elf:3    | Identified the ring of Past Mistakes {rPois rN+ Int+2} (You found it on level 3 of the Elven Halls)
 46090 | Elf:3    | Identified the Collected Works on the Aerial Compass
 46100 | Elf:3    | Identified the Guide on the Rocks and Black Rituals
 46118 | Elf:3    | Got a wavering steel ring
 46120 | Elf:3    | Identified the ring of Dishonour {rF- rN+ Int+5 Slay+2} (You found it on level 3 of the Elven Halls)
 46299 | Elf:3    | Got a twitching tin ring
 46364 | Elf:3    | Received a gift from Okawaru
 46664 | Elf:3    | Identified the ring "Nualoag" {EV+3 Str+3 Int-2 Dex+5 SInv} (You took it off a deep elf death mage on level 3 of the Elven Halls)
 46892 | Slime:1  | Entered Level 1 of the Pits of Slime
 46912 | Slime:1  | Gained mutation: You are weak. (Str -2) [a shining eye]
 46938 | Slime:1  | Reached skill level 20 in Fighting
 46965 | Slime:1  | Gained mutation: You do not regenerate when monsters are visible. [a shining eye]
 46971 | Slime:1  | Gained mutation: Scrolls take you a little longer to read. [a shining eye]
 47197 | Slime:1  | Gained mutation: You are occasionally teleported next to monsters. [a shining eye]
 47198 | Slime:1  | Gained mutation: Armour fits poorly on your strangely shaped body. [a shining eye]
 47361 | Slime:2  | Gained mutation: You are frail. (-10% HP) [a shining eye]
 47364 | Slime:2  | Gained mutation: Scrolls take you longer to read. [a shining eye]
 47507 | Slime:3  | Gained mutation: You are very weak. (Str -4) [a shining eye]
 47509 | Slime:3  | Gained mutation: You are very frail. (-20% HP) [a shining eye]
 47518 | Slime:3  | Reached skill level 21 in Fighting
 48088 | Slime:4  | Found a viscous altar of Jiyva.
 48420 | Slime:2  | Reached XP level 23. HP: 176/177 MP: 34/34
 48568 | Slime:5  | Entered Level 5 of the Pits of Slime
 48587 | Slime:5  | Reached skill level 22 in Fighting
 48655 | Slime:3  | HP: 1/178 [acid blob (18)]
 48655 | Slime:3  | Splashed by an acid blob's acid

Skill      XL: |  1  2  3  4  5  6  7  8  9 10 11 12 13 14 15 16 17 18 19 20 21 22 23 |
---------------+----------------------------------------------------------------------+-----
Maces & Flails | 3 4 5 6 |  6.1
Dodging        | 2 3 4 6 9 10 11 | 11.0
Fighting       | 4 5 6 8 10 11 12 13 15 17 18 21 22 | 22.1
Armour         | 4 5 6 8 10 11 12 15 17 18 | 18.0
Staves         | 10 13 | 13.6
Throwing       | 5 |  5.0
Earth Magic    | 7 10 11 12 13 14 15 | 15.1
Evocations     | 8 11 13 15 17 | 17.2
Invocations    | 8 |  8.0
Shields        | 8 11 14 | 14.0

Action                   |  1- 3 |  4- 6 |  7- 9 | 10-12 | 13-15 | 16-18 | 19-21 | 22-24 || total
-------------------------+-------+-------+-------+-------+-------+-------+-------+-------++-------
Melee: Flail             |    18 |   250 |   180 |       |       |       |       |       ||   448
       Whip              |   140 |       |       |   370 |       |       |       |       ||   510
       Headbutt          |    21 |    31 |    58 |   226 |   359 |   510 |   605 |   248 ||  2058
       Dire flail        |       |       |   107 |   193 |       |       |       |       ||   300
       Lajatang          |       |       |       |   367 |  1292 |  1623 |   909 |       ||  4191
       Quarterstaff      |       |       |       |    30 |       |       |       |       ||    30
       Staff             |       |       |       |       |       |       |   580 |   584 ||  1164
Throw: Tomahawk          |       |       |       |       |     1 |       |       |       ||     1
Invok: Heroism           |       |       |     1 |     9 |     8 |    16 |     4 |     1 ||    39
       Finesse           |       |       |       |       |       |     1 |     1 |     1 ||     3
 Abil: Evoke Berserk Rag |       |       |     3 |     1 |       |       |       |       ||     4
       Evoke Flight      |       |       |       |       |       |     2 |       |       ||     2
Evoke: Wand              |       |       |       |     5 |     4 |       |     1 |       ||    10
       Lamp of fire      |       |       |       |       |     1 |     1 |       |       ||     2
  Use: Scroll            |     3 |     3 |     1 |    10 |    22 |    15 |     9 |     1 ||    64
       Potion            |       |     2 |       |     4 |     6 |     5 |     1 |       ||    18
 Stab: Distracted        |       |       |       |       |       |     1 |     1 |       ||     2
  Eat: Chunk             |     2 |     7 |    15 |    19 |    25 |    24 |    25 |    20 ||   137
       Ration            |       |       |       |     3 |     5 |     3 |     2 |       ||    13
Armor: Scale mail        |    45 |       |       |       |       |       |       |       ||    45
       Chain mail        |     6 |   118 |   112 |   207 |       |       |       |       ||   443
       Plate armour      |       |       |       |   197 |   845 |  1089 |   679 |   101 ||  2911
Dodge: Dodged            |    43 |    46 |    98 |   517 |   790 |  1235 |   725 |   157 ||  3611
Block: Shield            |    78 |   104 |    53 |   136 |       |       |   378 |   220 ||   969
       Reflection        |       |       |       |       |       |       |    36 |     8 ||    44
